 Dungeon Crawl Stone Soup version 0.13-a0-2505-g5f0fbe2 (webtiles) character file.

36 Izanagi the Firebug (level 1, 0/14 HPs)
             Began as a Lava Orc Fire Elementalist on July 23, 2013.
             Slain by a hobgoblin
             ... wielding a +0,+0 club
              (4 damage)
             ... on Level 1 of the Dungeon.
             The game lasted 00:04:32 (191 turns).

Izanagi the Firebug (Lava Orc Fire Elementalist)     Turns: 191, Time: 00:04:33

HP   0/14        AC  4     Str 10      XL: 1   Next: 58%
MP   3/3         EV 12     Int 15      God:
Gold 32          SH  0     Dex 11      Spells:  1 memorised,  1 level left

Res.Fire  : + . .   See Invis. : .   g - +0,+2 dwarf short sword (venom)
Res.Cold  : . . .   Warding    : .   a - +0 orc robe
Life Prot.: . . .   Conserve   : .   (no shield)
Res.Poison: .       Res.Corr.  : .   (no helmet)
Res.Elec. : .       Clarity    : .   (no cloak)
Sust.Abil.: . .     Spirit.Shd : .   (no gloves)
Res.Mut.  : .       Stasis     : .   (no boots)
Res.Rott. : .       Flight     : .   (no amulet)
Saprovore : + . .                    (no ring)
                                     k - ring of teleport control

@: slow, not resistant to hostile enchantments, unstealthy
A: conserve scrolls, saprovore 1
a: Evoke Teleport Control


You were on level 1 of the Dungeon.
You were not hungry.

You visited 1 branch of the dungeon, and saw 1 of its levels.

You collected 12 gold pieces.

Inventory:

Hand weapons
 g - a +0,+2 dwarven short sword of venom (weapon)
Armour
 a - a +0 orcish robe (worn)
 h - a +0 pair of gloves
Comestibles
 c - a meat ration
Scrolls
 d - a scroll of random uselessness {unknown}
 i - a scroll of identify {unknown}
 l - a scroll of remove curse {unknown}
Jewellery
 k - a ring of teleport control (left hand)
Potions
 e - a potion of curing {unknown}
 f - a potion of heal wounds {unknown}
 j - a potion of magic {unknown}
Books
 b - a book of Flames

   Spells                             Type                      Level
   *Flame Tongue                      Conjuration/Fire             1
   Throw Flame                        Conjuration/Fire             2
   Conjure Flame                      Conjuration/Fire             3
   Inner Flame                        Hexes/Fire                   3
   Sticky Flame                       Conjuration/Fire             4
   Fireball                           Conjuration/Fire             5


   Skills:
 + Level 1.6 Dodging
 + Level 1.6 Stealth
 + Level 1.0 Spellcasting
 + Level 1.0 Conjurations
 + Level 3.9 Fire Magic


You had one spell level left.
You knew the following spells:

 Your Spells              Type           Power        Failure   Level  Hunger
a - Flame Tongue          Conj/Fire      #....        12%         1    ##.....


Dungeon Overview and Level Annotations

Branches:
Dungeon (1/27)

Altars:


Innate Abilities, Weirdness & Mutations

You have stony skin.
You cover ground slowly.
Your flesh is heat resistant.
Your flesh is vulnerable to cold.
Your heat harms attackers.
You bathe your surroundings in blazing heat.
You are too hot to use scrolls.
You are very good at protecting items from fire.
You can tolerate rotten meat.


Message History

l - a scroll labeled BYDATTOASH Put on which piece of jewellery? (? for menu, Esc to quit)
You feel controlled for a moment.
k - a ring of teleport control (left hand)
You aren't carrying any items that can be evoked.
A goblin comes into view.
The goblin shouts!
Found 12 gold pieces.
The goblin hits you.
You miss the goblin. The goblin closely misses you.
You hit the goblin.
You kill the goblin!
You see here a goblin corpse.
You now have 32 gold pieces (gained 12).
A hobgoblin comes into view. It is wielding a club.
The hobgoblin shouts!
The hobgoblin hits you with a club.
* * * LOW HITPOINT WARNING * * *
You closely miss the hobgoblin. The hobgoblin hits you with a club.
You die...

#.######.###.#####....#...#....
#............................).
#.######.###.#####..###...#....
#.# #.# #..# .........
#.≈#####.###.#####..#..........
♣≈P...........................
♣≈≈PP###............# .....###.
P≈ #............# ... #.
#......@g....# .. #.
#####.#####..# #. #.# #. #.#
#.# #.# #.# #.# #..


You could see a hobgoblin.

Vanquished Creatures
  A giant cockroach (D:1)
  A hobgoblin (D:1)
  A goblin (D:1)
  A kobold (D:1)
  A rat (D:1)
5 creatures vanquished.

Notes
Turn   | Place    | Note
--------------------------------------------------------------
     0 | D:1      | Izanagi, the Lava Orc Fire Elementalist, began the quest for the Orb.
     0 | D:1      | Reached XP level 1. HP: 14/14 MP: 3/3
   191 | D:1      | Slain by a hobgoblin

Action                   || total
-------------------------++-------
Melee: Unarmed           ||     6
       Short sword       ||     5
 Cast: Flame Tongue      ||     2
